 Dungeon Crawl Stone Soup version 0.26-a0-259-g1effd001a9 (webtiles) character file.

Game seed: 14940634603970149977

166864 Apogee the Markscentaur (level 17, -3/185 HPs)
             Began as a Centaur Hunter on July 11, 2020.
             Was the Champion of Okawaru.
             Slain by an entropy weaver (5 damage)
             ... on level 4 of the Lair of Beasts.
             The game lasted 01:27:13 (40065 turns).

Apogee the Markscentaur (Centaur Hunter)           Turns: 40065, Time: 01:27:13

Health: -3/185     AC: 21    Str: 22    XL:     17   Next: 5%
Magic:  23/23      EV:  4    Int: 17    God:    Okawaru [******]
Gold:   3660       SH:  0    Dex: 11    Spells: 16/16 levels left

rFire    + . .     SeeInvis .   b - +4 demon trident (elec)
rCold    . . .     Faith    .   (no shield)
rNeg     . . .     Spirit   .   E - +0 plate armour
rPois    +         Reflect  +   k - +2 helmet of the Albatross {MR+ Str-2 Int+3 Slay+6}
rElec    .         Harm     .   s - +1 cloak
rCorr    .                      W - +1 pair of gloves {Str+3}
MR       +++..                  N - +1 centaur barding {rC+}
Stlth    ..........             l - amulet of reflection
HPRegen  0.40/turn              m - ring of protection from magic
MPRegen  0.18/turn              e - ring of the Peasants {Fire *Corrode rPois Int+4 Slay+3}

@: confused, lethally poisoned (-3 -> -17), corroded, very quick
A: large, hooves 3, yellow scales 1, deformed body, deterioration 1, speed 2,
robust 1, tough skin 3
}: 1/15 runes: decaying
a: Heroism, Finesse, Renounce Religion


You were on level 4 of the Lair of Beasts.
You worshipped Okawaru.
Okawaru was exalted by your worship.
You were not hungry.

You visited 5 branches of the dungeon, and saw 27 of its levels.

You collected 4267 gold pieces.
You spent 607 gold pieces at shops.

Inventory:

Hand Weapons
 a - the +9 longbow of Bodily Harmony {freeze, rC+ Dex+2 Stlth+}
   (Okawaru gifted it to you on level 4 of the Swamp)

   It causes projectiles fired from it to freeze those they strike, causing
   extra injury to most foes and up to half again as much damage against
   particularly susceptible opponents.
   They can also slow down cold-blooded creatures.
   It affects your dexterity (+2).
   It protects you from cold.
   It makes you more stealthy.
 b - a +4 demon trident of electrocution (weapon)
 P - the +6 longbow of Ygopastralibb {flame, MR+}
   (Okawaru gifted it to you on level 4 of the Swamp)

   It causes projectiles fired from it to burn those they strike, causing extra
   injury to most foes and up to half again as much damage against particularly
   susceptible opponents.
   It affects your resistance to hostile enchantments.
 Y - a +2 longbow of flaming
Missiles
 d - 388 arrows
 B - 2 throwing nets (quivered)
Armour
 k - the +2 helmet of the Albatross (worn) {MR+ Str-2 Int+3 Slay+6}
   (You took it off Robin on level 3 of the Dungeon)

   It affects your strength (-2).
   It affects your intelligence (+3).
   It affects your accuracy and damage with ranged weapons and melee attacks
   (+6).
   It affects your resistance to hostile enchantments.
 s - a +1 cloak (worn)
 E - a +0 plate armour (worn)
 N - a +1 centaur barding of cold resistance (worn)
 W - a +1 pair of gloves of strength (worn)
Jewellery
 e - the ring of the Peasants (right hand) {Fire *Corrode rPois Int+4 Slay+3}
   (You found it on level 1 of the Lair of Beasts)

   [ring of fire]

   It enhances your fire magic.
   It affects your intelligence (+4).
   It affects your accuracy and damage with ranged weapons and melee attacks
   (+3).
   It protects you from fire.
   It makes you vulnerable to cold.
   It protects you from poison.
   It may corrode you when you take damage.
 g - an uncursed ring of teleportation
 l - an amulet of reflection (around neck)
 m - a ring of protection from magic (left hand)
 A - an uncursed ring of resist corrosion
 C - an uncursed ring of protection from fire
 I - an uncursed ring of see invisible
 J - an uncursed ring of positive energy
 K - an uncursed ring of flight
Wands
 n - a wand of clouds (7)
 q - a wand of acid (8)
 r - a wand of digging (4)
 v - a wand of iceblast (43)
 L - a wand of paralysis (39)
Scrolls
 h - 5 scrolls of amnesia
 i - 16 scrolls of identify
 u - 3 scrolls of fog
 w - 6 scrolls of teleportation
 x - 9 scrolls of magic mapping
 z - 2 scrolls of fear
 F - 5 scrolls of enchant weapon
 G - a scroll of summoning
 H - a scroll of enchant armour
 M - a scroll of blinking
 O - a scroll of brand weapon
 Q - a scroll of holy word
 R - a scroll of torment
 X - 2 scrolls of remove curse
Potions
 c - a potion of ambrosia
 j - 7 potions of curing
 o - 3 potions of mutation
 p - a potion of resistance
 t - 2 potions of cancellation
 S - a potion of invisibility
 T - a potion of flight
 Z - a potion of stabbing
Comestibles
 f - 62 rations


   Skills:
 - Level 19.7 Fighting
 - Level 7.0 Polearms
 - Level 20.0 Bows
 - Level 10.0 Armour
 + Level 3.3 Dodging
 - Level 0.4 Stealth
 - Level 8.0 Invocations


You had 16 spell levels left.
You didn't know any spells.
Your spell library contained the following spells:

 Spells                   Type           Power        Failure   Level
 Animate Skeleton         Necr           #.....       97%         1
 Apportation              Tloc           #.....       97%         1
 Corona                   Hex            #......      97%         1
 Summon Small Mammal      Summ           #...         97%         1
 Call Imp                 Summ           #.......     99%         2
 Corpse Rot               Necr/Air       N/A          99%         2
 Ensorcelled Hibernation  Hex/Ice        #.....       99%         2
 Shroud of Golubria       Chrm/Tloc      #.....       99%         2
 Slow                     Hex            #.......     99%         2
 Call Canine Familiar     Summ           #.......     100%        3
 Confusing Touch          Hex            #.......     100%        3
 Dazzling Flash           Conj/Hex       #.....       100%        3
 Gell's Gravitas          Tloc           #.........   100%        3
 Inner Flame              Hex/Fire       #.......     100%        3
 Portal Projectile        Hex/Tloc       #.....       100%        3
 Summon Guardian Golem    Hex/Summ       #.......     100%        3
 Tukima's Dance           Hex            #.......     100%        3
 Animate Dead             Necr           #.........   100%        4
 Cause Fear               Hex            #.........   100%        4
 Leda's Liquefaction      Hex/Erth       #.........   100%        4
 Petrify                  Tmut/Erth      #.......     100%        4
 Summon Ice Beast         Ice/Summ       #.......     100%        4
 Summon Lightning Spire   Summ/Air       #.......     100%        4
 Bolt of Magma            Conj/Fire/Erth #.........   100%        5
 Iskenderun's Battlesphe  Conj/Chrm      #.......     100%        5
 Metabolic Englaciation   Hex/Ice        #.........   100%        5
 Yara's Violent Unravell  Hex/Tmut       #.........   100%        5
 Iron Shot                Conj/Erth      #.........   100%        6
 Statue Form              Tmut/Erth      #........    100%        6
 Shatter                  Erth           #.........   100%        9


Dungeon Overview and Level Annotations

Branches:
Dungeon (14/15)            Temple (0/1) D:4            Lair (6/6) D:9
  Swamp (4/4) Lair:3       Spider (1/4) Lair:4        Slime (0/5) Lair:6
    Orc (2/2) D:9             Elf (0/3) Orc:2
 Vaults: D:13-14

Altars:
Cheibriados
Dithmenos
Gozag
Hepliaklqana
Kikubaaqudgha
Makhleb
Nemelex Xobeh
Okawaru
Sif Muna
Trog
Uskayaw
Vehumet
Wu Jian
Xom
Yredelemnul
Beogh
Jiyva

Shops:
Orc:2 [}??*

Annotations:
D:9 Maurice
D:11 Fannar
Lair:6 3 runed translucent doors, Reniomp's ghost, journeyman DDFi
Orc:1 1 runed translucent door, Neptetom's ghost, journeyman GnCj


Innate Abilities, Weirdness & Mutations

You have hooves in place of feet.
Armour fits poorly on your strangely shaped body.
You cover ground very quickly.
You have extremely tough skin. (AC +3)
You are partially covered in yellow scales. (AC +2)
Your body sometimes deteriorates upon taking damage.
You are robust. (+10% HP)


Message History

The tarantella completely misses you.
The redback bites you but does no damage.
The entropy weaver hits you!
* * * LOW HITPOINT WARNING * * *
The entropy weaver hits you but does no damage.
The entropy weaver hits you.
* * * LOW HITPOINT WARNING * * *
The entropy weaver hits you but does no damage.
Unknown command.
You barely miss the entropy weaver.
* * * LOW HITPOINT WARNING * * *
You feel very sick. The tarantella bites you.
* * * LOW HITPOINT WARNING * * *
The redback bites you but does no damage.
The tarantella bites you but does no damage.
The redback bites you!
* * * LOW HITPOINT WARNING * * *
The entropy weaver hits you.
You die...

##...............####..#.P...#.#
#..#..#.#.......##.....P...####
##.##.>.###.......#.....P...##..
#..###'.###.............##..##..
##..##...##..≈≈≈.≈≈≈.....#..##..
#..+.+..###.≈.≈≈.≈≈.≈...#....#..
#P.##....##.≈≈.≈.≈.≈≈...##...#..
##.###...#..≈≈≈ss.≈≈≈....#......
#..##.#####....@s....≈#.##...##.
#...###P##..≈≈sas.≈≈≈#.......###
##..........≈≈.≈.≈.≈≈...........
#.####.##..≈.≈≈.≈≈.≈.###.#.P##.
### #.####..≈≈≈.≈≈≈.## ##.#####
### #.....≈##### ### #.#.#P##
#######


You could see an entropy weaver, 2 tarantellas and 3 redbacks.

Vanquished Creatures
  Nikola (Swamp:3)
  A tentacled monstrosity (Swamp:4)
  7 thorn hunters
  Kirke (Swamp:4)
  Louise (Swamp:2)
  3 very ugly things
  2 green deaths (Swamp:4)
  Josephine (Lair:4)
  14 hydras
  Harold (D:7)
  2 fire dragons
  A catoblepas (Lair:6)
  2 centaur warriors
  7 ghost crabs
  A death knight (D:14)
  A shambling mangrove (Swamp:1)
  A two-headed ogre (D:12)
  The ghost of t4s4d4r the Destroyer, a journeyman OpCj of Gozag (D:10)
  6 alligators
  A tengu warrior (D:14)
  15 death yaks
  A thrashing horror (Swamp:3)
  5 spriggan druids
  2 unseen horrors
  14 swamp dragons
  A lindwurm (Lair:6)
  An orc knight (Orc:1)
  A necromancer (Lair:4)
  14 ugly things
  A wolf spider (Lair:6)
  A manticore (D:14)
  6 orc sorcerers (Orc:2)
  2 deep elf magi
  14 cyclopes
  5 apocalypse crabs (Swamp:3)
  A guardian serpent (Lair:6)
  2 centaur zombies
  9 black mambas
  4 elephants (Lair:5)
  19 cane toads
  3 orange demons (Swamp:4)
  3 gargoyles
  7 rime drakes
  A freezing wraith (D:14)
  A tengu conjurer (D:14)
  A redback zombie (D:14)
  5 komodo dragons
  A jumping spider (Lair:4)
  A polar bear (Lair:6)
  5 trolls
  13 blink frogs
  7 tyrant leeches
  10 bog bodies
  5 hornets
  36 slime creatures
  7 hippogriffs
  13 dream sheep
  7 redbacks
  3 spriggans
  5 shadows
  5 wraiths
  12 wyverns
  2 hogs (Swamp:4)
  A small abomination (Swamp:4)
  31 yaks
  4 basilisks
  A fire elemental (D:12)
  A large abomination (Swamp:4)
  9 wargs
  17 vampire mosquitoes
  13 swamp worms
  24 water moccasins
  10 insubstantial wisps
  Duvessa (D:5)
  9 porcupines
  19 orc warriors
  A hornet zombie (D:11)
  3 elephant zombies (Lair:4)
  11 swamp drakes
  5 ice beasts
  4 phantoms
  3 sky beasts
  2 black bears
  A necrophage (D:10)
  3 wolves (D:14)
  17 ogres
  8 centaurs
  16 crocodiles
  14 bullfrogs
  2 big kobolds
  A water moccasin zombie (D:9)
  A wyvern skeleton (D:14)
  Dowan (D:5)
  3 scorpions
  2 howler monkeys (D:13)
  5 wights (D:14)
  A vampire bat (Lair:3)
  2 electric eels
  A bullfrog zombie (D:13)
  A basilisk zombie (Lair:4)
  3 centaur skeletons
  3 hounds
  3 jellies
  Crazy Yiuf (D:2)
  3 bullfrog skeletons
  15 orc priests
  2 iguanas (Lair:6)
  50 orc wizards
  9 worker ants
  A crocodile zombie (Lair:4)
  A hound zombie (D:7)
  A howler monkey zombie (D:9)
  3 worker ant zombies
  Robin (D:3)
  7 gnolls
  7 adders
  3 shadow imps
  A white imp (D:5)
  An ufetubus (D:5)
  An ooze (D:1)
  2 adder skeletons
  2 worms
  2 dart slugs (D:2)
  7 leopard geckos
  96 orcs
  7 giant cockroaches
  16 goblins
  9 hobgoblins
  9 jackals
  6 quokkas
  14 bats
  7 frilled lizards
  24 kobolds
  2 quokka skeletons
  2 rats
895 creatures vanquished.

Vanquished Creatures (others)
  A tyrant leech (Swamp:2)
  2 humans (D:14)
  A quasit (D:9)
  An orc wizard (Orc:2)
  5 briar patches (Swamp:4)
  16 fungi (Lair:6)
  29 plants (Lair:6)
55 creatures vanquished.

Grand Total: 950 creatures vanquished

Notes
Turn   | Place    | Note
-------+----------+-------------------------------------------
     0 | D:1      | Apogee the Centaur Hunter began the quest for the Orb.
     0 | D:1      | Reached XP level 1. HP: 17/17 MP: 1/1
   147 | D:1      | Reached XP level 2. HP: 25/25 MP: 2/2
  1124 | D:2      | Reached skill level 6 in Bows
  1149 | D:2      | Reached XP level 3. HP: 19/30 MP: 3/3
  1601 | D:2      | Found a bloodstained altar of Trog.
  1763 | D:2      | Found a runed translucent door.
  2025 | D:2      | Found an opulent altar of Gozag.
  2025 | D:2      | Found a basalt altar of Yredelemnul.
  2149 | D:2      | Noticed Crazy Yiuf
  2199 | D:2      | Killed Crazy Yiuf
  2199 | D:2      | Reached XP level 4. HP: 32/38 MP: 4/4
  3369 | D:3      | Reached skill level 7 in Bows
  3369 | D:3      | Reached XP level 5. HP: 42/46 MP: 5/5
  3565 | D:3      | Identified the +2 helmet of the Albatross {MR+ Str-2 Int+3
                  | Slay+6}
  3565 | D:3      | Noticed Robin
  3594 | D:3      | Killed Robin
  3849 | D:3      | Found an iron altar of Okawaru.
  3866 | D:3      | Became a worshipper of Warmaster Okawaru
  3939 | D:4      | Found a staircase to the Ecumenical Temple.
  4046 | D:4      | Found a hazy altar of Hepliaklqana.
  4235 | D:4      | Found a snail-covered altar of Cheibriados.
  4333 | D:4      | Noticed a phantom
  4346 | D:4      | Killed a phantom
  4346 | D:4      | Reached XP level 6. HP: 41/55 MP: 6/6
  4578 | D:5      | Entered Level 5 of the Dungeon
  4637 | D:5      | Reached skill level 8 in Bows
  4660 | D:5      | Reached skill level 5 in Fighting
  4695 | D:5      | Noticed Duvessa
  4695 | D:5      | Noticed Dowan
  4717 | D:5      | Killed Duvessa
  4717 | D:5      | Reached * piety under Okawaru
  4717 | D:5      | Reached XP level 7. HP: 47/61 MP: 7/7
  4856 | D:5      | Reached skill level 9 in Bows
  4862 | D:5      | Killed Dowan
  5110 | D:5      | Found a hide-covered altar of Uskayaw.
  5321 | D:5      | Found an ornate altar of the Wu Jian Council.
  5542 | D:5      | Found a burning altar of Makhleb.
  5546 | D:5      | Reached ** piety under Okawaru
  5751 | D:6      | Reached skill level 10 in Bows
  5875 | D:6      | Reached XP level 8. HP: 46/71 MP: 8/8
  6607 | D:6      | Found a sparkling altar of Nemelex Xobeh.
  6958 | D:7      | Reached skill level 11 in Bows
  7327 | D:7      | Reached *** piety under Okawaru
  7506 | D:7      | Noticed Harold
  7589 | D:7      | Killed Harold
  7589 | D:7      | Reached skill level 12 in Bows
  7589 | D:7      | Reached XP level 9. HP: 43/83 MP: 9/9
  7821 | D:7      | Found a shadowy altar of Dithmenos.
  7876 | D:7      | Found a sparkling altar of Nemelex Xobeh.
  8010 | D:7      | Found a radiant altar of Vehumet.
  8301 | D:7      | Reached **** piety under Okawaru
  8497 | D:7      | Gained mutation: You have a pair of small antennae on your
                  | head. [potion of mutation]
  8497 | D:7      | Gained mutation: You have a somewhat thin skeletal
                  | structure. (Dex +2, Stealth) [potion of mutation]
  9053 | D:8      | Reached skill level 13 in Bows
  9172 | D:8      | Received a gift from Okawaru
  9468 | D:8      | Reached skill level 10 in Fighting
  9631 | D:8      | Received a gift from Okawaru
 10049 | D:8      | Reached XP level 10. HP: 86/94 MP: 10/10
 10896 | D:9      | Found a staircase to the Orcish Mines.
 11205 | D:9      | Reached skill level 14 in Bows
 11293 | D:9      | Found a staircase to the Lair.
 11293 | D:9      | Noticed a death yak
 11422 | D:8      | Killed a death yak
 12063 | D:9      | Noticed Maurice
 12943 | D:9      | Found a radiant altar of Vehumet.
 12943 | D:9      | Found an ancient bone altar of Kikubaaqudgha.
 12945 | D:9      | Found a shimmering blue altar of Sif Muna.
 12952 | D:9      | Identified Sif Muna's Almanac of Limited Liability
 13262 | D:9      | Lost mutation: You have a pair of small antennae on your
                  | head. [potion of mutation]
 13262 | D:9      | Lost mutation: You have a somewhat thin skeletal structure.
                  | (Dex +2, Stealth) [potion of mutation]
 13262 | D:9      | Gained mutation: Your body sometimes deteriorates upon
                  | taking damage. [potion of mutation]
 13262 | D:9      | Gained mutation: You are partially covered in yellow
                  | scales. (AC +2) [potion of mutation]
 13262 | D:9      | Gained mutation: You are robust. (+10% HP) [potion of
                  | mutation]
 13608 | Lair:1   | Entered Level 1 of the Lair of Beasts
 13837 | Lair:1   | Noticed a cane toad
 13849 | Lair:1   | Killed a cane toad
 13849 | Lair:1   | Reached ***** piety under Okawaru
 13945 | Lair:1   | Noticed a cane toad
 13954 | Lair:1   | Killed a cane toad
 13998 | Lair:1   | Received a gift from Okawaru
 14066 | Lair:1   | Noticed a fire dragon
 14114 | Lair:1   | Killed a fire dragon
 14114 | Lair:1   | Received a gift from Okawaru
 14114 | Lair:1   | Reached skill level 5 in Polearms
 14114 | Lair:1   | Reached XP level 11. HP: 62/114 MP: 11/11
 15656 | Lair:2   | Received a gift from Okawaru
 16109 | Lair:3   | Got an ichor-stained great sword
 16119 | Lair:3   | Identified the +4 great sword "Roleg" {vorpal, rC+ Int-2
                  | Dex+2 Stlth+} (You found it on level 3 of the Lair of
                  | Beasts)
 16289 | Lair:3   | Found a staircase to the Swamp.
 16348 | Lair:3   | Reached skill level 1 in Invocations
 16408 | Lair:3   | Noticed a seven-headed hydra
 16422 | Lair:3   | meem: I'm meem, an infobot run by MalcolmRoseGaming: Type
                  | !submeem to keep me in your games; !nomeem to shut me up
                  | forever; !meem for help; !whymeem if you want to know why
                  | meem exists. Visit http://youtube.com/malcolmrosegaming for
                  | more DCSS content.
 16431 | Lair:3   | Killed a seven-headed hydra
 16431 | Lair:3   | Received a gift from Okawaru
 16814 | Lair:4   | Noticed Josephine
 16822 | Lair:4   | Killed Josephine
 16835 | Lair:4   | Noticed a death yak
 16842 | Lair:4   | Killed a death yak
 16842 | Lair:4   | Received a gift from Okawaru
 16860 | Lair:4   | Noticed a death yak
 16860 | Lair:4   | Noticed a death yak
 16864 | Lair:4   | Noticed a death yak
 16873 | Lair:4   | Killed a death yak
 16873 | Lair:4   | Reached skill level 5 in Invocations
 16873 | Lair:4   | Reached XP level 12. HP: 126/126 MP: 15/15
 16889 | Lair:4   | Killed a death yak
 16889 | Lair:4   | Received a gift from Okawaru
 16931 | Lair:3   | Killed a death yak
 16931 | Lair:3   | Reached ****** piety under Okawaru
 17021 | Lair:4   | Noticed a death yak
 17022 | Lair:4   | Noticed a death yak
 17180 | Lair:3   | Killed a death yak
 17368 | Lair:3   | Killed a death yak
 18191 | Lair:4   | Identified a scroll of acquirement
 18191 | Lair:4   | Acquired a +1 centaur barding of cold resistance
 18250 | Lair:4   | Found a hole to the Spider Nest.
 18509 | Lair:4   | Noticed an eight-headed hydra
 18516 | Lair:4   | Killed an eight-headed hydra
 18800 | D:10     | Entered Level 10 of the Dungeon
 18807 | D:10     | Reached skill level 15 in Fighting
 18865 | D:10     | Found a runed translucent door.
 18865 | D:10     | Noticed t4s4d4r's ghost (journeyman OpCj)
 18886 | D:10     | Killed t4s4d4r's ghost
 18936 | D:10     | You fall into a shaft and drop 3 floors!
 19671 | D:14     | Noticed a centaur warrior
 19674 | D:14     | Killed a centaur warrior
 19827 | D:14     | Received a gift from Okawaru
 19827 | D:14     | Reached XP level 13. HP: 112/140 MP: 19/19
 20041 | D:14     | Got a distressingly furry robe
 20303 | D:14     | Received a gift from Okawaru
 20304 | D:14     | Got a pitted chain mail {god gift}
 20324 | D:14     | Identified the +1 chain mail of Perpetual Drought {+Blink
                  | Int+2 Dex+4 Stlth+} (Okawaru gifted it to you on level 14
                  | of the Dungeon)
 20719 | D:14     | Identified the cursed +1 chain mail "Tajuemaj" {rElec rC-
                  | Int+3}
 21876 | D:14     | Noticed a stone giant
 22450 | D:13     | Reached skill level 15 in Bows
 24188 | D:12     | Received a gift from Okawaru
 24874 | D:11     | Reached XP level 14. HP: 136/154 MP: 20/20
 24879 | D:11     | Noticed Fannar
 25763 | D:10     | Acquired 1230 gold pieces
 25920 | Lair:1   | Got a pitted turquoise ring
 25938 | Lair:1   | Identified the ring of the Peasants {Fire *Corrode rPois
                  | Int+4 Slay+3} (You found it on level 1 of the Lair of
                  | Beasts)
 26147 | Swamp:1  | Entered Level 1 of the Swamp
 26474 | Lair:3   | HP: 7/155 [poison (poison gas)]
 26480 | Lair:3   | HP: 4/155 [poison (poison gas)]
 26486 | Lair:3   | HP: 2/155 [poison (poison gas)]
 26491 | Lair:3   | HP: 2/155 [poison (poison gas)]
 26498 | Lair:3   | HP: 3/155 [poison (poison gas)]
 26506 | Lair:3   | HP: 3/155 [poison (poison gas)]
 26970 | Lair:3   | Reached skill level 16 in Bows
 28491 | Swamp:2  | Identified Sif Muna's Disquisition on Lucky Evil
 28491 | Swamp:2  | Identified the +8 tower shield of the First Ultimatums {rC+
                  | Regen+ Int+3 Dex-3}
 28491 | Swamp:2  | Noticed Louise
 28508 | Swamp:2  | Killed Louise
 28918 | Swamp:2  | Reached skill level 17 in Bows
 28920 | Swamp:2  | Received a gift from Okawaru
 29109 | Swamp:2  | Noticed a thorn hunter
 29118 | Swamp:2  | Killed a thorn hunter
 30160 | Swamp:3  | Found a runed translucent door.
 30180 | Swamp:3  | Noticed a thorn hunter
 30189 | Swamp:3  | Killed a thorn hunter
 30283 | Swamp:3  | Noticed a thorn hunter
 30291 | Swamp:3  | Killed a thorn hunter
 30291 | Swamp:3  | Reached skill level 18 in Bows
 30613 | Swamp:3  | Reached XP level 15. HP: 166/166 MP: 21/21
 30636 | Swamp:3  | Received a gift from Okawaru
 30983 | Swamp:3  | Noticed Nikola
 31009 | Swamp:3  | HP: 8/167 [Nikola/chain lightning (27)]
 31473 | Swamp:4  | Entered Level 4 of the Swamp
 31473 | Swamp:4  | Noticed a thorn hunter
 31473 | Swamp:4  | Noticed a thorn hunter
 31856 | Swamp:3  | Killed Nikola
 32240 | Swamp:3  | Received a gift from Okawaru
 32422 | Swamp:3  | Received a gift from Okawaru
 32625 | Swamp:3  | Reached skill level 19 in Bows
 32643 | Swamp:3  | Paralysed by an apocalypse crab for 6 turns
 33062 | Swamp:4  | Received a gift from Okawaru
 33206 | Swamp:4  | Noticed a thorn hunter
 33209 | Swamp:4  | Killed a thorn hunter
 33237 | Swamp:4  | Noticed a thorn hunter
 33241 | Swamp:4  | Killed a thorn hunter
 33923 | Swamp:3  | Received a gift from Okawaru
 33923 | Swamp:3  | Reached skill level 1 in Armour
 34036 | Swamp:4  | Received a gift from Okawaru
 34571 | Swamp:4  | Killed a thorn hunter
 34685 | Swamp:4  | Killed a thorn hunter
 34755 | Swamp:4  | Noticed a tentacled monstrosity
 34763 | Swamp:4  | Killed a tentacled monstrosity
 34952 | Swamp:4  | Got a bloodstained longbow {god gift}
 35003 | Swamp:4  | Reached XP level 16. HP: 178/178 MP: 22/22
 35016 | Swamp:4  | Reached skill level 5 in Armour
 35525 | Swamp:4  | Received a gift from Okawaru
 35607 | Swamp:4  | Noticed Kirke
 35614 | Swamp:4  | Killed Kirke
 35624 | Swamp:4  | Received a gift from Okawaru
 35625 | Swamp:4  | Got a fading longbow {god gift}
 35626 | Swamp:4  | Identified the +6 longbow of Ygopastralibb {flame, MR+}
                  | (Okawaru gifted it to you on level 4 of the Swamp)
 35627 | Swamp:4  | Identified the +9 longbow of Bodily Harmony {freeze, rC+
                  | Dex+2 Stlth+} (Okawaru gifted it to you on level 4 of the
                  | Swamp)
 35682 | Swamp:4  | Got a decaying rune of Zot
 36258 | Lair:5   | You fall into a shaft and drop 1 floor!
 36258 | Lair:6   | Entered Level 6 of the Lair of Beasts
 37037 | Lair:6   | Found a runed translucent gate.
 37037 | Lair:6   | Found a runed translucent gate.
 37038 | Lair:6   | Found a runed translucent gate.
 37039 | Lair:6   | Noticed Reniomp's ghost (journeyman DDFi)
 37042 | Lair:6   | Found a viscous altar of Jiyva.
 37201 | Lair:6   | Received a gift from Okawaru
 37231 | Lair:6   | Received a gift from Okawaru
 37361 | Lair:6   | Found a viscous altar of Jiyva.
 37364 | Lair:6   | Found a staircase to the Slime Pits.
 37539 | Lair:6   | Reached skill level 20 in Bows
 37791 | Lair:6   | Received a gift from Okawaru
 38467 | Orc:1    | Entered Level 1 of the Orcish Mines
 38767 | Orc:1    | Received a gift from Okawaru
 38985 | Orc:1    | Found a runed translucent door.
 38990 | Orc:1    | Noticed Neptetom's ghost (journeyman GnCj)
 39020 | Orc:2    | Entered Level 2 of the Orcish Mines
 39202 | Orc:2    | Reached skill level 10 in Armour
 39258 | Orc:2    | Reached XP level 17. HP: 185/185 MP: 23/23
 39267 | Orc:2    | Found Jith's Magic Scroll Emporium.
 39267 | Orc:2    | Found Giheaf's Magic Scroll Shop.
 39304 | Orc:2    | Found a roughly hewn altar of Beogh.
 39316 | Orc:2    | Bought a scroll of summoning for 123 gold pieces
 39316 | Orc:2    | Bought a scroll of brand weapon for 260 gold pieces
 39316 | Orc:2    | Bought a scroll of holy word for 97 gold pieces
 39331 | Orc:2    | Found Qiagam's Mass Market.
 39377 | Orc:2    | Bought a scroll of torment for 127 gold pieces
 39488 | Orc:2    | Found Kougg's Antique Armour Emporium.
 39488 | Orc:2    | Found Pixtople's Gadget Shop.
 39715 | Orc:2    | Found a staircase to the Elven Halls.
 39806 | Orc:2    | Found a shimmering altar of Xom.
 40051 | Spider:1 | Entered Level 1 of the Spider Nest
 40065 | Lair:4   | HP: 2/185 [redback (8)]
 40065 | Lair:4   | Slain by an entropy weaver

Illustrated notes

Levels and vault maps discovered:
D:1:      elethiomel_arrival_maze, layout_loops_ring
D:2:      layout_rooms, lemuel_coloured_pillars_altar,
          gammafunk_temple_overflow_elements, uniq_crazy_yiuf_cottage
D:3:      layout_basic, kennysheep_okawaru_gauntlet, first_ration, uniq_robin
D:4:      layout_loops_ring, kennysheep_mini_moat, minmay_temple_entry_junction,
          cheibriados_altar_1
D:5:      layout_basic, kennysheep_mini, makhleb_blood_cavern_becter,
          old_standard_altar, uniq_duvessa
D:6:      layout_cave_pools, nemelex_xobeh_ov_fountains_minmay
D:7:      layout_gridville, nicolae_dithmenos_the_darkroom, lemuel_doored_altar,
          grunt_ministairs_4, lemuel_tele_altar, uniq_harold
D:8:      layout_gridville
D:9:      layout_basic, grunt_temple_overflow_magic_moments, david_lair_generic,
          orc_0_dummy, the_bakery, uniq_maurice
D:10:     layout_grid_maze, ebering_ghost_reflecting_pool
D:11:     kennysheep_kobold_lugonu_temple, layout_cave_pools, uniq_fannar
D:12:     layout_basic, uniq_azrael
D:13:     layout_basic
D:14:     giant_chief_lemuel, layout_stronghold, ximxim_vaults_locker_room,
          serial_bayou_pond_b
Lair:1:   dragon1_lemuel, layout_chaotic_city
Lair:2:   layout_concentric_octagons
Lair:3:   layout_chaotic_city, swamp_mist, roderic_batcave
Lair:4:   pond_and_an_island_with_a_cottage, layout_regular_city,
          spider_nest_entry_a, uniq_josephine
Lair:5:   layout_roguey, grunt_megastairs_3
Lair:6:   hangedman_lair_tendril_chambers, layout_loops_ring,
          guppyfry_lair_end_dragon, slime_altar_1, gammafunk_ghost_ooze
Swamp:1:  layout_basic_swamp, evilmike_swamp_ruin_wall
Swamp:2:  layout_basic_swamp, evilmike_swamp_ruin_house_3, hangedman_swamp_cone,
          uniq_louise
Swamp:3:  gammafunk_mikee_crab_dinner, layout_falls_marsh,
          evilmike_swamp_ruin_rubble_2, swamp_pool1, uniq_nikola
Swamp:4:  swamp_vile, layout_basic_swamp, uniq_kirke
Spider:1: layout_spider_delve
Orc:1:    layout_diamond_mine, ebering_ghost_reflecting_pool
Orc:2:    st_orc_town, layout_caves, basic_altar, minmay_shop_mass

Skill      XL: |  1  2  3  4  5  6  7  8  9 10 11 12 13 14 15 16 17 |
---------------+----------------------------------------------------+-----
Bows           | 6 7 8 10 12 13 14 15 18 19 20 | 20.0
Fighting       | 3 4 5 6 9 10 12 13 15 17 18 19 | 19.7
Polearms       | 5 7 |  7.0
Invocations    | 5 8 |  8.0
Armour         | 4 10 | 10.0
Dodging        | 2 3 |  3.3
Stealth        | |  0.4

Action                   |  1- 3 |  4- 6 |  7- 9 | 10-12 | 13-15 | 16-18 || total
-------------------------+-------+-------+-------+-------+-------+-------++-------
Melee: Short sword       |    97 |       |       |       |       |       ||    97
       Kick              |    20 |    39 |    70 |   110 |    32 |    36 ||   307
       Spear             |    27 |   196 |   366 |   400 |   120 |     4 ||  1113
       Trident           |       |       |    17 |       |       |       ||    17
       Demon trident     |       |       |       |       |       |   161 ||   161
 Fire: Shortbow          |       |       |    80 |   156 |       |       ||   236
       Longbow           |       |       |       |   235 |   946 |   484 ||  1665
Invok: Heroism           |       |       |       |     1 |       |       ||     1
 Abil: Evoke Flight      |       |       |       |       |     2 |       ||     2
Evoke: Wand              |       |       |       |       |     1 |     2 ||     3
  Use: Scroll            |       |     7 |     2 |    11 |    12 |     5 ||    37
       Potion            |       |       |     9 |     2 |     6 |       ||    17
 Stab: Distracted        |       |       |     1 |     1 |       |       ||     2
  Eat: Ration            |     1 |     2 |     4 |     7 |    12 |     4 ||    30
Armor: Leather armour    |    26 |    32 |       |       |       |       ||    58
       Chain mail        |       |    42 |       |       |       |       ||    42
       Scale mail        |       |    10 |   137 |   124 |       |       ||   271
       Plate armour      |       |       |       |    84 |   294 |   192 ||   570
Dodge: Dodged            |    48 |    65 |    73 |    89 |    30 |    33 ||   338
Block: Other             |       |    21 |    77 |    82 |    82 |    44 ||   306
       Reflection        |       |       |     4 |     5 |    12 |     4 ||    25

Table legend:
 A = Non-vault XP
 B = Vault XP
 C = Vault XP percentage of total XP
 D = Non-vault monster count
 E = Vault monster count
 F = Vault count percentage of total count
                 A         B        C        D         E       F
            +---------+---------+-------+---------+---------+-------
      Total |  144097 |   75709 |  34.4 |     656 |     240 |  26.8
            +---------+---------+-------+---------+---------+-------
        D:1 |      31 |       0 |   0.0 |      19 |       0 |   0.0
        D:2 |      46 |      41 |  47.1 |      21 |       1 |   4.5
        D:3 |     116 |      41 |  26.1 |      27 |      15 |  35.7
        D:4 |     172 |       0 |   0.0 |       5 |       0 |   0.0
        D:5 |     833 |     264 |  24.1 |      27 |       3 |  10.0
        D:6 |     547 |       0 |   0.0 |      13 |       0 |   0.0
        D:7 |     927 |    1069 |  53.6 |      18 |       3 |  14.3
        D:8 |    2032 |     872 |  30.0 |      35 |       1 |   2.8
        D:9 |     947 |     868 |  47.8 |      15 |       4 |  21.1
       D:10 |    1654 |     898 |  35.2 |      16 |       1 |   5.9
       D:11 |     859 |       0 |   0.0 |       4 |       0 |   0.0
       D:12 |    3991 |     196 |   4.7 |      29 |       1 |   3.3
       D:13 |    8201 |       0 |   0.0 |      42 |       0 |   0.0
       D:14 |    7408 |    9689 |  56.7 |      31 |      27 |  46.6
     Lair:1 |    2665 |    1007 |  27.4 |      13 |       1 |   7.1
     Lair:2 |    3657 |       0 |   0.0 |      15 |       0 |   0.0
     Lair:3 |    7619 |      66 |   0.9 |      17 |       9 |  34.6
     Lair:4 |    7578 |    3861 |  33.8 |      23 |      14 |  37.8
     Lair:5 |    4431 |       0 |   0.0 |      13 |       0 |   0.0
     Lair:6 |   21480 |   14590 |  40.4 |      64 |      53 |  45.3
    Swamp:1 |    9789 |       0 |   0.0 |      22 |       0 |   0.0
    Swamp:2 |   15223 |    1743 |  10.3 |      34 |       1 |   2.9
    Swamp:3 |   18559 |   14531 |  43.9 |      41 |      16 |  28.1
    Swamp:4 |   20199 |   20687 |  50.6 |      38 |      29 |  43.3
   Spider:1 |     652 |       0 |   0.0 |       3 |       0 |   0.0
      Orc:1 |    2616 |       0 |   0.0 |      37 |       0 |   0.0
      Orc:2 |    1865 |    5286 |  73.9 |      34 |      61 |  64.2
            +---------+---------+-------+---------+---------+-------
